 Dungeon Crawl Stone Soup version 0.27.1-35-g4d5d836560 (webtiles) character file.

Game seed: 10308367762060151795

74036 Delamore the Unseen (level 15, -4/103 HPs)
             Began as an Octopode Brigand on May 4, 2022.
             Was an Initiate of Gozag.
             Slain by a two-headed ogre (13 damage)
             ... while paralysed by a hornet
             ... on level 12 of the Dungeon.
             The game lasted 01:06:19 (41885 turns).

Delamore the Unseen (Octopode Brigand)             Turns: 41885, Time: 01:06:20

Health: -4/103     AC:  7    Str: 11    XL:     15   Next: 45%
Magic:  21/21      EV:  2    Int: 26    God:    Gozag
Gold:   602        SH:  0    Dex: 21    Spells: 19/22 levels left

rFire    + + .     SeeInvis +   d - +7 quick blade
rCold    . . .     Faith    .   S - +3 warlock's mirror {reflect}
rNeg     + . .     Spirit   .   p - +2 hat {SInv}
rPois    .         Reflect  +   G - amulet of reflection
rElec    .         Harm     .   l - +6 ring of intelligence
rCorr    .         Rampage  .   B - ring of wizardry
Will     +....                  H - ring of see invisible
Stlth    ++++++++..             O - +6 ring of dexterity
HPRegen  0.27/turn              P - ring of Doubts {+Blink EV+4 Int+4 Stlth+}
MPRegen  0.17/turn              C - +4 ring of protection
                                q - +4 ring of slaying
                                k - ring "Paheli" {+Blink rF++ rN+ Dex-2}

@: paralysed, gold aura, slowed
A: almost no armour, amphibious, 8 rings, camouflage 1, gelatinous body 1,
(nimble swimmer 1), tentacles
a: Renounce Religion, Evoke Blink, Potion Petition, Call Merchant, Bribe Branch


You were on level 12 of the Dungeon.
You worshipped Gozag.
Gozag was pleased with you.
You visited 4 branches of the dungeon, and saw 23 of its levels.
You also visited: Ossuary.

You collected 6678 gold pieces.
You spent 2801 gold pieces at shops.
You paid 3275 gold pieces to Gozag.

Inventory:

Hand Weapons
 d - a +7 quick blade (weapon)
Missiles
 e - 4 curare-tipped darts
 g - 12 boomerangs (quivered)
 i - 5 silver boomerangs
 j - 6 poisoned darts
 F - 10 javelins
 V - a throwing net
 Z - 5 atropa-tipped darts
Armour
 p - a +2 hat of see invisible (worn)
 S - the +3 warlock's mirror (worn) {reflect}
   (You found it on level 2 of the Lair of Beasts)

   It can block and reflect piercing ranged attacks and magical attacks against
   the wielder's willpower.
Jewellery
 k - the ring "Paheli" (on tentacle) {+Blink rF++ rN+ Dex-2}
   (You bought it in a shop on level 2 of the Orcish Mines)

   [ring of positive energy]

   Dex:       It affects your dexterity (-2).
   rF:        It greatly protects you from fire.
   rN:        It protects you from negative energy.
   +Blink:    It lets you blink.
 l - a +6 ring of intelligence (left tentacle)
 q - a +4 ring of slaying (on tentacle)
 B - a ring of wizardry (right tentacle)
 C - a +4 ring of protection (on tentacle)
 G - an amulet of reflection (around mantle)
 H - a ring of see invisible (on tentacle)
 N - a ring of ice
 O - a +6 ring of dexterity (on tentacle)
 P - the ring of Doubts (on tentacle) {+Blink EV+4 Int+4 Stlth+}
   (You acquired it on level 2 of the Lair of Beasts)

   [ring of evasion]

   EV:        It affects your evasion (+4).
   Int:       It affects your intelligence (+4).
   +Blink:    It lets you blink.
   Stlth:     It makes you more stealthy.
 U - a ring of flight
Wands
 a - a wand of charming (7)
 c - a wand of iceblast (6)
 h - a wand of paralysis (10)
 y - a wand of digging (13)
 M - a wand of acid (12)
 Q - a wand of flame (51)
 X - a wand of polymorph (18)
Scrolls
 f - 9 scrolls of teleportation
 m - 2 scrolls of magic mapping
 r - 2 scrolls of blinking
 u - 2 scrolls of identify
 A - a scroll of fear
 I - 2 scrolls of fog
 J - 4 scrolls of enchant armour
 R - a scroll of silence
Potions
 b - 2 potions of cancellation {unknown}
 n - 2 potions of might
 o - a potion of resistance {unknown}
 s - 2 potions of flight {unknown}
 t - 2 potions of heal wounds
 v - 2 potions of haste {unknown}
 x - 4 potions of invisibility {unknown}
 z - a potion of lignification {unknown}
 D - a potion of mutation {unknown}
 E - a potion of ambrosia
 K - 2 potions of degeneration {unknown}
 L - a potion of berserk rage {unknown}
 W - 6 potions of curing
 Y - a potion of magic {unknown}
Miscellaneous
 w - a phantom mirror (inert)


   Skills:
 - Level 10.0 Fighting
 - Level 12.0 Short Blades
 - Level 10.0 Throwing
 - Level 10.0 Dodging
 - Level 15.0 Stealth
 + Level 4.1 Shields
 + Level 4.0 Spellcasting
 + Level 4.4 Hexes
 + Level 13.3 Evocations


You had 19 spell levels left.
You knew the following spells:

 Your Spells              Type           Power      Damage    Failure   Level
a - Dazzling Flash        Conj/Hex       32%        N/A       4%          3

Your spell library contained the following spells:

 Spells                   Type           Power      Damage    Failure   Level
 Beastly Appendage        Tmut           10%        N/A       3%          1
 Magic Dart               Conj           20%        1d4       3%          1
 Summon Small Mammal      Summ           20%        N/A       3%          1
 Summon Guardian Golem    Hex/Summ       16%        N/A       4%          3
 Call Imp                 Summ           5%         N/A       5%          2
 Corpse Rot               Necr/Air       N/A        N/A       5%          2
 Passwall                 Tmut/Erth      4%         N/A       5%          2
 Poisonous Vapours        Pois/Air       10%        N/A       5%          2
 Wereblood                Tmut           5%         N/A       5%          2
 Call Canine Familiar     Summ           5%         N/A       11%         3
 Conjure Flame            Conj/Fire      5%         6-21      11%         3
 Ignite Poison            Fire/Tmut/Pois 5%         N/A       11%         3
 Mephitic Cloud           Conj/Pois/Air  5%         N/A       11%         3
 Spider Form              Tmut/Pois      2%         N/A       11%         3
 Stone Arrow              Conj/Erth      10%        3d7       11%         3
 Swiftness                Air            5%         N/A       11%         3
 Animate Dead             Necr           2%         N/A       32%         4
 Dispel Undead            Necr           5%         3d7       32%         4
 Iskenderun's Mystic Bla  Conj/Tloc      5%         2d3       32%         4
 Sticky Flame             Conj/Fire      5%         2d3       32%         4
 Invisibility             Hex            14%        N/A       61%         6
 Bolt of Magma            Conj/Fire/Erth 2%         4d4       65%         5
 Borgnjor's Vile Clutch   Necr/Erth      2%         N/A       65%         5
 Freezing Cloud           Conj/Ice/Air   2%         6-21      65%         5
 Iskenderun's Battlesphe  Conj           5%         2d6       65%         5
 Death Channel            Necr           2%         N/A       99%         6
 Dispersal                Tloc           2%         N/A       99%         6
 Iron Shot                Conj/Erth      2%         9d2       99%         6
 Simulacrum               Ice/Necr       2%         N/A       99%         6
 Starburst                Conj/Fire      2%         6d3       99%         6
 Spellforged Servitor     Conj/Summ      2%         N/A       100%        7
 Disjunction              Tloc           2%         N/A       100%        8
 Polar Vortex             Ice            2%         N/A       100%        9
 Shatter                  Erth           2%         3d6*      100%        9


Dungeon Overview and Level Annotations

Branches:
Dungeon (14/15)            Temple (1/1) D:4            Lair (6/6) D:9
  Swamp (0/4) Lair:4       Spider (0/4) Lair:2        Slime (0/5) Lair:5
    Orc (2/2) D:10            Elf (0/3) Orc:2       Ossuary (visited)
 Vaults: D:13-14

Altars:
Ashenzari
Cheibriados
Dithmenos
Elyvilon
Fedhas
Gozag
Hepliaklqana
Kikubaaqudgha
Nemelex Xobeh
Okawaru
Qazlal
Ru
Sif Muna
Trog
Uskayaw
Vehumet
Wu Jian
Xom
Yredelemnul
Zin
The Shining One
Jiyva

Shops:
D:1 [   D:3 :   D:9 *   D:10 [   D:12 =   D:13 ?   Orc:2 :(=[?   Lair:1 *
Lair:5 (

Portals:
Trove: D:10 (give +6 demon whip)

Annotations:
D:12 1 transporter, Stajl's ghost, journeyman TrFi
Lair:1 1 runed translucent door, Delamore's ghost, novice OpBr
Lair:5 exclusion: oklob plant


Innate Abilities, Weirdness & Mutations

You cannot wear most types of armour.
You are amphibious.
You can wear up to eight rings at the same time.
Your skin changes colour to match your surroundings (Stealth+).
Your rubbery body absorbs attacks. (AC +1, EV +1)
((You are camouflaged near water. (Stealth+)))
You have tentacles for arms and can constrict up to eight enemies at once.


Message History

You hit the centaur.
The centaur is moderately wounded.
You block the centaur's attack. The centaur closely misses you.
You block the vampire mosquito's attack.
You barely miss the centaur. You squeeze the centaur!
The centaur is severely wounded.
Your troll bites Stajl's ghost but does no damage.
Your troll claws Stajl's ghost but does no damage.
Your troll closely misses Stajl's ghost.
The two-headed ogre hits your troll with a +0 giant club!
The two-headed ogre hits your troll with a +0 giant spiked club!!
Your troll dies!
You barely miss the centaur.
The centaur is severely wounded.
The two-headed ogre hits you with a +0 giant club!!
The two-headed ogre hits you with a +0 giant spiked club!
The centaur closely misses you. You block the centaur's attack.
The vampire mosquito bites you but does no damage.
The hornet stings you!
You suddenly lose the ability to move!
The vampire mosquito bites you!
The vampire mosquito draws strength from your injuries!
The centaur hits you but does no damage.
The centaur kicks you but does no damage.
The hornet stings you!
You feel yourself slow down. The vampire mosquito bites you!
* * * LOW HITPOINT WARNING * * *
The vampire mosquito draws strength from your injuries!
The centaur hits you.
* * * LOW HITPOINT WARNING * * *
The centaur kicks you.
* * * LOW HITPOINT WARNING * * *
The hornet stings you!
* * * LOW HITPOINT WARNING * * *
You feel as though you will be slow longer.
The vampire mosquito bites you.
* * * LOW HITPOINT WARNING * * *
The vampire mosquito draws strength from your injuries!
The two-headed ogre hits you with a +0 giant club!
You die...
Your body crumbles into a pile of gold.

.............#..#...#..#........#
..........####..###.#..#........#
..<.......#............#........#
............#########..#...######
...........##.......##.#####.....
...........#8W.#.#..8#...........
...####'##.#$.#..O#..#.'######...
...#.......#)...yO...#.......#.[.
...#......©#?..R@WD..#©.(....#...
...#.......#[...yc...#.......#...
#+##.......#$.#..c#..#.......'...
...........#8..#.#..8#.#######...
...........##©......##...........
............#########............
########..............###########
.......#.............#..........#
.......#..#'#####....#..........#


You could see a rakshasa, 2 two-headed ogres, a hornet, an acid dragon, a
vampire mosquito, 2 centaurs and Stajl's ghost.

Vanquished Creatures
  Rupert (Orc:2)
  Kirke (Lair:5)
  The ghost of qdestroyer the Cleaver, a journeyman MiFi of Trog (D:13)
  An ettin (D:13)
  3 hydras
  2 boulder beetles
  3 two-headed ogres
  A centaur warrior (D:13)
  A tengu warrior (D:13)
  An orc high priest (Orc:2)
  13 death yaks
  Urug (Lair:2)
  7 skeletal warriors
  The ghost of Delamore the Covert, a novice OpBr of Gozag (D:7)
  A deep elf pyromancer (D:13)
  4 orc sorcerers (Orc:2)
  A cyclops (D:13)
  6 ugly things (D:13)
  2 manticores (D:12)
  4 elephants (Lair:6)
  3 black mambas
  A torpor snail (Lair:6)
  12 cane toads
  A gargoyle (D:12)
  8 komodo dragons
  A kobold demonologist (D:9)
  A rime drake (Lair:4)
  An unseen horror (shapeshifter) (D:13)
  An unseen horror (D:13)
  An efreet (D:13)
  A tengu conjurer (D:10)
  5 trolls
  5 jumping spiders (Lair:2)
  2 polar bears (Lair:6)
  4 hornets
  A meliai (D:13)
  13 dream sheep
  17 blink frogs
  A meliai zombie (D:11)
  A shadow (D:10)
  3 redbacks (Lair:2)
  3 wraiths
  12 spriggans (Lair:6)
  5 wyverns
  34 yaks
  5 basilisks
  2 hogs (Lair:5)
  2 vampire mosquitoes (D:10)
  Menkaure (D:4)
  A warg (Orc:1)
  4 acid dragons
  15 water moccasins
  An ice beast (D:6)
  4 black bears
  22 orc warriors
  A sky beast (D:5)
  A necrophage (D:6)
  37 wolves
  9 centaurs
  3 ogres
  4 boggarts (Lair:6)
  4 kobold brigands
  A scorpion (D:5)
  11 bullfrogs
  A water moccasin skeleton (D:5)
  2 wyvern skeletons
  13 killer bees (D:9)
  17 wights
  3 howler monkeys (D:9)
  2 electric eels (Lair:4)
  A bullfrog zombie (D:6)
  A spectral centaur (D:7)
  2 jellies
  A bullfrog skeleton (D:6)
  5 hounds
  25 orc priests
  2 gnoll shamans
  Ijyb (D:3)
  Jessica (D:3)
  4 iguanas
  34 orc wizards
  A scorpion zombie (D:3)
  A centaur simulacrum (D:7)
  A hound zombie (D:5)
  A howler monkey zombie (D:7)
  8 gnolls
  A howler monkey skeleton (D:5)
  7 adders
  A shadow imp (D:8)
  3 white imps
  A howler monkey simulacrum (D:7)
  An ufetubus (D:6)
  An adder zombie (D:5)
  3 worms (D:2)
  A dart slug (D:2)
  67 orcs
  2 endoplasms
  5 giant cockroaches
  8 goblins
  5 hobgoblins
  3 jackals (D:1)
  30 kobolds
  2 quokkas
  4 ball pythons
  2 ball python skeletons (Ossuary)
  7 bats
  3 frilled lizards
  2 hobgoblin skeletons (Ossuary)
  2 hobgoblin zombies (Ossuary)
  6 rats
  A bush (Lair:6)
615 creatures vanquished.

Vanquished Creatures (collateral kills)
  Fannar (Lair:1)
1 creature vanquished.

Vanquished Creatures (others)
  A troll (D:12)
  A human (Lair:5)
  An orc wizard (Orc:2)
  53 fungi
  43 plants
99 creatures vanquished.

Grand Total: 715 creatures vanquished

Notes
Turn   | Place    | Note
-------+----------+-------------------------------------------
     0 | D:1      | Delamore the Octopode Brigand began the quest for the Orb.
     0 | D:1      | Reached XP level 1. HP: 14/14 MP: 1/1
    30 | D:1      | Found Betu's Antique Armour Boutique.
    96 | D:1      | Reached XP level 2. HP: 19/19 MP: 2/2
   766 | D:1      | Found a faded altar of an unknown god.
   777 | D:1      | Reached XP level 3. HP: 23/24 MP: 3/3
  1348 | D:2      | Reached skill level 6 in Stealth
  1384 | D:2      | Found a blossoming altar of Fedhas.
  1430 | D:2      | You fall into a shaft and drop 2 floors!
  1462 | D:3      | Reached XP level 4. HP: 29/29 MP: 4/4
  2165 | D:3      | Noticed Ijyb
  2172 | D:3      | Killed Ijyb
  2173 | D:3      | Reached XP level 5. HP: 22/34 MP: 5/5
  2504 | D:3      | Found Pymymuz's Book Boutique.
  2613 | D:3      | Noticed Jessica
  2615 | D:3      | Killed Jessica
  3069 | D:4      | Reached skill level 7 in Stealth
  3109 | D:4      | Reached skill level 5 in Short Blades
  3166 | D:4      | Reached XP level 6. HP: 39/39 MP: 6/6
  3227 | D:4      | Found a staircase to the Ecumenical Temple.
  3236 | Temple   | Entered the Ecumenical Temple
  3448 | Temple   | Became a worshipper of Gozag Ym Sagoz the Greedy
  4067 | D:4      | Noticed Menkaure
  4076 | D:4      | Killed Menkaure
  4077 | D:4      | Reached XP level 7. HP: 24/45 MP: 7/7
  4449 | D:5      | Entered Level 5 of the Dungeon
  5255 | D:1      | Bought a glowing hat for 133 gold pieces
  5255 | D:1      | Bought a buckler for 85 gold pieces
  5435 | D:5      | Reached XP level 8. HP: 50/50 MP: 8/8
  5519 | D:5      | Reached skill level 1 in Shields
  5723 | D:5      | Found a sacrificial altar of Ru.
  6469 | D:6      | Found a sand-covered staircase.
  6622 | Ossuary  | Entered an ossuary
  6685 | Ossuary  | Reached skill level 5 in Throwing
  6917 | Ossuary  | Noticed a wraith
  6917 | Ossuary  | Noticed a flying skull
  6924 | Ossuary  | Noticed a flying skull
  6926 | Ossuary  | Noticed a flying skull
  6931 | Ossuary  | Noticed a wraith
  6933 | Ossuary  | Killed a wraith
  6957 | Ossuary  | Noticed a flying skull
  6967 | Ossuary  | Noticed a wraith
  6969 | Ossuary  | Killed a wraith
  6978 | Ossuary  | Noticed a flying skull
  6985 | Ossuary  | Reached XP level 9. HP: 54/54 MP: 9/9
  9423 | D:7      | Found a runed translucent gate.
  9423 | D:7      | Found a runed translucent gate.
  9563 | D:7      | Reached skill level 10 in Short Blades
 10343 | D:7      | Reached XP level 10. HP: 31/63 MP: 10/10
 10504 | D:7      | Found a runed translucent gate.
 10505 | D:7      | Noticed Delamore's ghost (novice OpBr)
 11484 | D:8      | You fall into a shaft and drop 3 floors!
 11785 | D:10     | Entered Level 10 of the Dungeon
 11851 | D:9      | Reached skill level 1 in Evocations
 11865 | D:9      | Noticed a kobold demonologist
 11874 | D:9      | Killed a kobold demonologist
 12176 | D:9      | Noticed a two-headed ogre
 12218 | D:9      | Killed a two-headed ogre
 12219 | D:9      | Reached skill level 5 in Fighting
 12432 | D:9      | Found a staircase to the Lair.
 12466 | D:9      | Reached skill level 5 in Dodging
 13022 | D:8      | Found an ancient bone altar of Kikubaaqudgha.
 13022 | D:8      | Found an ornate altar of the Wu Jian Council.
 13053 | D:8      | Found a sparkling altar of Nemelex Xobeh.
 13054 | D:8      | Found a glowing golden altar of the Shining One.
 13054 | D:8      | Found a broken altar of Ashenzari.
 13058 | D:8      | Found a glowing silver altar of Zin.
 13059 | D:8      | Found a hazy altar of Hepliaklqana.
 13980 | D:9      | Noticed a two-headed ogre
 14001 | D:9      | Killed a two-headed ogre
 14002 | D:9      | Reached XP level 11. HP: 31/71 MP: 11/11
 14514 | D:9      | Found a white marble altar of Elyvilon.
 14588 | D:9      | Found a basalt altar of Yredelemnul.
 15117 | D:10     | Reached skill level 8 in Stealth
 15132 | D:10     | Reached skill level 5 in Evocations
 15417 | D:10     | Found a staircase to the Orcish Mines.
 15818 | D:10     | Found a portal to a secret trove of treasure.
 15824 | D:10     | Reached skill level 9 in Stealth
 15825 | D:10     | Found Seab's Antique Armour Shoppe.
 16146 | D:10     | Reached skill level 10 in Stealth
 16647 | Lair:1   | Entered Level 1 of the Lair of Beasts
 16650 | Lair:1   | Bought a notched garnet ring for 170 gold pieces
 16809 | Lair:1   | Noticed Fannar
 16830 | Lair:1   | Killed Fannar
 17110 | Lair:1   | Found a shimmering altar of Xom.
 17110 | Lair:1   | Noticed Delamore's ghost (novice OpBr)
 17110 | Lair:1   | Noticed a +0 mace of chaos
 17111 | Lair:1   | Found a runed translucent door.
 18040 | Lair:1   | Reached XP level 12. HP: 63/80 MP: 12/12
 19415 | Lair:2   | You fall into a shaft and drop 2 floors!
 19465 | Lair:2   | Found a hole to the Spider Nest.
 19698 | Lair:2   | Identified a scroll of acquirement
 19699 | Lair:2   | Acquired the ring of Doubts {+Blink EV+4 Int+4 Stlth+}
 20026 | Lair:2   | Noticed Urug
 20264 | Lair:2   | Reached skill level 10 in Evocations
 20277 | Lair:2   | Reached skill level 11 in Stealth
 20437 | Lair:2   | Killed Urug
 20860 | Lair:2   | Found the +3 warlock's mirror {reflect}
 21551 | Lair:3   | Noticed a seven-headed hydra
 21870 | Lair:3   | Noticed an eight-headed hydra
 21901 | Lair:3   | Killed an eight-headed hydra
 22125 | Lair:3   | Identified the +5 scimitar "Newt's Funeral" {vorpal, Contam
                  | rPois Str+9 Dex+3}
 22187 | Lair:3   | Killed a seven-headed hydra
 22395 | Lair:3   | Reached skill level 12 in Stealth
 22457 | Lair:3   | Reached XP level 13. HP: 55/90 MP: 13/13
 24446 | Lair:4   | Reached skill level 13 in Stealth
 24719 | Lair:4   | Reached skill level 10 in Fighting
 25174 | Lair:4   | Found a staircase to the Swamp.
 25835 | Lair:5   | Found a shadowy altar of Dithmenos.
 26791 | Lair:5   | Reached skill level 14 in Stealth
 27660 | Lair:5   | Noticed Kirke
 27691 | Lair:5   | Killed Kirke
 28031 | Lair:5   | Reached skill level 10 in Dodging
 28066 | Lair:5   | Reached skill level 15 in Stealth
 28066 | Lair:5   | Reached XP level 14. HP: 9/99 MP: 14/14
 28869 | Lair:5   | Found a staircase to the Slime Pits.
 28873 | Lair:5   | Found a viscous altar of Jiyva.
 29239 | Lair:6   | Entered Level 6 of the Lair of Beasts
 29339 | Lair:6   | Found the +2 cloak of the Thief {*Fog Slay-2 SInv Stlth+}
 33143 | Orc:1    | Entered Level 1 of the Orcish Mines
 33265 | Orc:2    | Entered Level 2 of the Orcish Mines
 33265 | Orc:2    | Found a staircase to the Elven Halls.
 33265 | Orc:2    | Found Unotrei's Book Shop.
 33672 | Orc:2    | Noticed Rupert
 33678 | Orc:2    | Killed Rupert
 34392 | Orc:2    | Found Amiff's Armour Emporium.
 34392 | Orc:2    | Found Zoxosk's Weapon Shoppe.
 34393 | Orc:2    | Found Ycoxzap's Jewellery Shoppe.
 34397 | Orc:2    | Found Hukhlis's Magic Scroll Emporium.
 34527 | Orc:2    | Bought a +4 quick blade for 629 gold pieces
 36158 | Orc:2    | Bought 3 curare-tipped darts for 30 gold pieces
 36200 | Orc:2    | Bought the ring "Paheli" {+Blink rF++ rN+ Dex-2} for 662
                  | gold pieces
 36200 | Orc:2    | Bought a +4 ring of slaying for 1092 gold pieces
 36536 | D:11     | Learned a level 3 spell: Dazzling Flash
 37084 | D:12     | Noticed Stajl's ghost (journeyman TrFi)
 37418 | D:12     | Found a transporter.
 37438 | D:12     | Found a transporter.
 37457 | D:12     | Found a shimmering altar of Xom.
 37488 | D:12     | Reached skill level 1 in Spellcasting
 37488 | D:12     | Reached skill level 1 in Hexes
 37612 | D:12     | Reached XP level 15. HP: 100/103 MP: 16/16
 37772 | D:12     | Found Ockam's Jewellery Shoppe.
 38283 | D:13     | Reached skill level 10 in Throwing
 39269 | D:13     | Noticed qdestroyer's ghost (journeyman MiFi)
 39275 | D:13     | Found a runed translucent gate.
 39275 | D:13     | Found a runed translucent gate.
 39275 | D:13     | Found a runed translucent gate.
 39676 | D:13     | Killed qdestroyer's ghost
 40005 | D:14     | HP: 5/103 [skeletal warrior[a skeletal warrior] (3)]
 41707 | D:7      | Killed Delamore's ghost
 41883 | D:12     | Paralysed by a hornet for 2 turns
 41885 | D:12     | Slain by a two-headed ogre

Illustrated notes

Levels and vault maps discovered:
D:1:      ncdulo_watergridlock, layout_basic,
          shapermc_ecumenical_altar_flowoftime, serial_shops,
          nicolae_shop_window_shopping
D:2:      layout_rooms, basic_altar
D:3:      layout_loops_cross, serial_shops, shop, uniq_ijyb, uniq_jessica
D:4:      layout_rooms, lemuel_temple_firewalk_b, uniq_menkaure
D:5:      layout_loops_ring, nicolae_ru_path_of_blood,
          minmay_misc_feat_ornament, kennysheep_windowed_goal
D:6:      layout_loops_ring, enter_ossuary_1
D:7:      layout_basic, gammafunk_ghost_necromancy, minmay_bent
D:8:      layout_loops_corners, amethyst_overflow_temple_binary, minitemple
D:9:      layout_layer_cave, kennysheep_ying_yang, dpeg_oklobed_lair
D:10:     layout_loops_ring, orc_0_dummy, serial_shops, nicolae_shop_crystal,
          nicolae_trove_entry_crossroad, minmay_diced_spiral
D:11:     layout_long_grid, kennysheep_dice
D:12:     layout_irregular_city, serial_shops, nicolae_shop_crystal,
          gammafunk_ghost_arena, xom_teletrap_fun
D:13:     layout_rooms, gammafunk_ghost_split, st_stairs_14,
          lemuel_flamethrower_hall
D:14:     layout_basic, david_vaults_2, solitary_fountain
Temple:   minmay_temple_forest_path
Lair:1:   layout_cellular_growth, ebering_ghost_xom, uniq_fannar
Lair:2:   layout_loops_ring, nicolae_spider_entry_tight_spaces, uniq_urug
Lair:3:   layout_cave_pods
Lair:4:   layout_gridlike, minmay_swamp_entry_reptiles, lemuel_another_geyser,
          infiniplex_staircase_pool_2, lemuel_fruit_tree
Lair:5:   layout_regular_city, slime_altar_1, lemuel_oklob_altar, uniq_kirke
Lair:6:   minmay_lair_end_enchanted_forest, layout_loops_ring
Orc:1:    nicolae_orc_accident_3, layout_diamond_mine, nicolae_orc_damp_corner
Orc:2:    st_orc_mages, layout_diamond_mine, serial_shops, shop, uniq_rupert

Skill      XL: |  1  2  3  4  5  6  7  8  9 10 11 12 13 14 15 |
---------------+----------------------------------------------+-----
Short Blades   | 3 4 5 6 7 8 10 11 12 | 12.0
Stealth        | 6 7 10 12 15 | 15.0
Throwing       | 3 4 5 6 9 10 | 10.0
Shields        | 3 4 |  4.1
Dodging        | 3 5 7 10 | 10.0
Fighting       | 4 5 6 9 10 | 10.0
Evocations     | 4 8 10 12 13 | 13.3
Spellcasting   | 1 4 |  4.0
Hexes          | 1 4 |  4.4

Action                   |  1- 3 |  4- 6 |  7- 9 | 10-12 | 13-15 || total
-------------------------+-------+-------+-------+-------+-------++-------
Melee: Dagger            |    73 |    44 |       |       |       ||   117
       Constrict         |    13 |    17 |    47 |    68 |   156 ||   301
       Tentacles         |    14 |    16 |    72 |   135 |   503 ||   740
       Short sword       |       |    48 |   255 |   540 |  1001 ||  1844
       Quick blade       |       |       |       |       |   400 ||   400
Throw: Dart              |       |    11 |    51 |   128 |   106 ||   296
       Boomerang         |       |       |    31 |    21 |    97 ||   149
       Javelin           |       |       |       |    22 |    27 ||    49
       Throwing net      |       |       |       |       |     1 ||     1
 Cast: Dazzling Flash    |       |       |       |       |     2 ||     2
Invok: Call Merchant     |       |       |       |     2 |     2 ||     4
 Abil: Evoke Blink       |       |       |       |     2 |     6 ||     8
Evoke: Wand              |       |       |       |    26 |    16 ||    42
       Phantom mirror    |       |       |       |       |     1 ||     1
  Use: Scroll            |     2 |     1 |     4 |    12 |    11 ||    30
       Potion            |       |     2 |     1 |     1 |     9 ||    13
 Stab: Sleeping          |    18 |    11 |    15 |    18 |    30 ||    92
       Distracted        |       |       |       |     4 |    11 ||    15
       Held in net/web   |       |       |       |       |     1 ||     1
Armor: Skin              |     8 |     7 |     9 |    13 |    21 ||    58
Dodge: Dodged            |    27 |    44 |    84 |   242 |   512 ||   909
Block: Buckler           |       |       |    36 |   113 |   312 ||   461
       Reflection        |       |       |       |       |    28 ||    28
